General information
- name: BNet
- type: Ladder team game (AT/RT)
- host: Battle.net
- saver: HORIZON-ZERO-DA
map: MarketSquare
- players: 8
- length: 52:28
- speed: Fast
- version: 1.27 W3XP
- replay type: Public
» download(275 KB)
Players
team 1 (loser)

»
BrianPutin (
orange | 25 APM | 1079 actions | 42:50)
4 Dreadlord
2 Sleep
2 Vampiric Aura
» actions
| Build / train | 70 | |
| Enter build submenu | 17 | |
| Enter hero's abilities submenu | 4 | |
| Give item / drop item | 4 | |
| Right click | 475 | |
| Select / deselect | 441 | |
| Use ability | 66 | |
1079 total
» units
| Acolyte | 19 | |
| Ghoul | 4 | |
| Crypt Fiend | 3 | |
| Frost Wyrm | 8 | |
34 total
» upgrades
| Web | 1 | |
| Burrow | 1 | |
| Creature Attack | 1 | |
| Creature Carapace | 1 | |
| Freezing Breath | 1 | |
5 total
» buildings
| Ziggurat | 6 | |
| Altar of Darkness | 1 | |
| Crypt | 1 | |
| Graveyard | 1 | |
| Tomb of Relics | 1 | |
| Nerubian Tower | 5 | |
| Halls of the Dead | 1 | |
| Spirit Tower | 1 | |
| Sacrificial Pit | 1 | |
| Black Citadel | 1 | |
| Boneyard | 2 | |
| Necropolis | 1 | |
22 total
» build order
00:19 Ziggurat
00:22 Altar of Darkness
00:55 Crypt
01:12 Graveyard
01:27 Ziggurat
01:36 Tomb of Relics
02:30 Nerubian Tower
03:09 Nerubian Tower
03:32 Halls of the Dead
03:52 Ziggurat
04:53 Spirit Tower
04:58 Ziggurat
05:56 Sacrificial Pit
05:58 Black Citadel
07:54 Nerubian Tower
08:39 Boneyard
08:44 Boneyard
08:57 Ziggurat
09:00 Ziggurat
10:10 Nerubian Tower
10:18 Nerubian Tower
16:30 Necropolis
» items
| Rod of Necromancy | 2 | |
| Orb of Corruption | 1 | |
| Potion of Healing | 1 | |
| Sacrificial Skull | 1 | |
| Boots of Speed | 1 | |
| Potion of Lesser Invulnerability | 3 | |
| Scroll of Town Portal | 3 | |
| Periapt of Vitality | 1 | |
| Circlet of Nobility | 1 | |
| Staff of Teleportation | 1 | |
| Healing Salve | 1 | |
| Lesser Clarity Potion | 1 | |
| Scroll of Healing | 1 | |
18 total
HORIZON-ZERO-DA (
pink | 45 APM | 2369 actions | 52:28)
4 Blademaster
2 Wind Walk
2 Critical Strike
3 Shadow Hunter
1 Hex
2 Healing Wave
» actions
| Assign group hotkey | 144 | |
| Basic commands | 40 | |
| Build / train | 70 | |
| Enter build submenu | 47 | |
| Enter hero's abilities submenu | 7 | |
| Give item / drop item | 3 | |
| Right click | 796 | |
| Select / deselect | 430 | |
| Select group hotkey | 717 | |
| Use ability | 115 | |
2369 total
» units
| Peon | 19 | |
| Wind Rider | 5 | |
| Troll Batrider | 1 | |
| Demolisher | 13 | |
38 total
» upgrades
| Reinforced Defenses | 1 | |
| Ranged Weapons | 2 | |
| Armor | 2 | |
| Envenomed Spears | 1 | |
| Liquid Fire | 1 | |
7 total
» buildings
| Altar of Storms | 1 | |
| Orc Burrow | 11 | |
| War Mill | 8 | |
| Voodoo Lounge | 2 | |
| Watch Tower | 24 | |
| Stronghold | 2 | |
| Beastiary | 3 | |
| Fortress | 1 | |
| Great Hall | 4 | |
| Barracks | 2 | |
58 total
» build order
00:07 Altar of Storms
00:19 Orc Burrow
00:40 War Mill
01:14 Voodoo Lounge
01:54 Watch Tower
02:11 Watch Tower
03:05 Stronghold
03:23 Watch Tower
03:27 Orc Burrow
03:48 Watch Tower
03:55 Orc Burrow
03:56 Orc Burrow
03:57 Orc Burrow
04:50 Watch Tower
05:31 Beastiary
05:32 Beastiary
06:57 Fortress
09:54 Great Hall
09:57 Watch Tower
09:58 Watch Tower
10:00 Watch Tower
10:38 Orc Burrow
11:17 Watch Tower
11:17 Watch Tower
11:17 Watch Tower
12:06 Watch Tower
12:32 Watch Tower
12:32 Watch Tower
13:07 Watch Tower
13:40 Watch Tower
13:48 Watch Tower
13:51 Watch Tower
13:51 Watch Tower
13:52 Watch Tower
14:10 Beastiary
14:48 Watch Tower
17:04 Orc Burrow
18:03 Watch Tower
18:03 Watch Tower
22:58 Watch Tower
26:08 Great Hall
26:11 War Mill
26:36 War Mill
29:44 War Mill
30:04 War Mill
30:04 War Mill
31:47 Great Hall
32:16 Great Hall
32:24 War Mill
33:07 Barracks
34:28 Orc Burrow
35:28 Barracks
35:54 Orc Burrow
35:58 Orc Burrow
37:18 Stronghold
37:33 Orc Burrow
37:38 Voodoo Lounge
39:01 War Mill
» items
| Healing Salve | 3 | |
| Staff of Teleportation | 2 | |
| Potion of Lesser Invulnerability | 2 | |
| Scroll of Town Portal | 1 | |
| Boots of Speed | 1 | |
| Potion of Mana | 2 | |
| Potion of Healing | 2 | |
13 total

»
Agent_Joe (
yellow | 42 APM | 966 actions | 23:12)
5 Death Knight
3 Death Coil
2 Unholy Aura
» actions
| Build / train | 46 | |
| Enter build submenu | 20 | |
| Enter hero's abilities submenu | 5 | |
| Remove unit from queue | 2 | |
| Right click | 647 | |
| Select / deselect | 210 | |
| Use ability | 36 | |
966 total
» units
| Acolyte | 9 | |
| Ghoul | 4 | |
| Frost Wyrm | 5 | |
18 total
» upgrades
| Creature Attack | 3 | |
| Creature Carapace | 3 | |
| Freezing Breath | 1 | |
7 total
» buildings
| Ziggurat | 9 | |
| Crypt | 1 | |
| Graveyard | 1 | |
| Halls of the Dead | 1 | |
| Altar of Darkness | 1 | |
| Tomb of Relics | 1 | |
| Black Citadel | 1 | |
| Sacrificial Pit | 1 | |
| Boneyard | 2 | |
| Nerubian Tower | 3 | |
| Spirit Tower | 4 | |
| Necropolis | 1 | |
26 total
» build order
00:11 Ziggurat
00:16 Crypt
01:11 Graveyard
02:09 Halls of the Dead
02:28 Altar of Darkness
02:42 Ziggurat
02:56 Tomb of Relics
04:03 Ziggurat
04:31 Black Citadel
04:38 Sacrificial Pit
06:54 Boneyard
06:59 Boneyard
08:52 Ziggurat
08:55 Ziggurat
11:39 Nerubian Tower
11:41 Nerubian Tower
13:02 Spirit Tower
15:32 Spirit Tower
18:10 Ziggurat
18:12 Ziggurat
18:15 Ziggurat
18:18 Ziggurat
19:03 Spirit Tower
19:11 Spirit Tower
19:25 Nerubian Tower
21:28 Necropolis
» items
| Potion of Healing | 1 | |
| Orb of Corruption | 1 | |
| Tiny Great Hall | 1 | |
| Scroll of Town Portal | 3 | |
6 total

»
Born_in_USSR (
red | 43 APM | 1543 actions | 35:45)
5 Dark Ranger
3 Black Arrow
2 Silence
4 Death Knight
2 Death Coil
1 Unholy Aura
1 Animate Dead
» actions
| Basic commands | 8 | |
| Build / train | 72 | |
| Enter build submenu | 15 | |
| Enter hero's abilities submenu | 9 | |
| Give item / drop item | 2 | |
| Right click | 851 | |
| Select / deselect | 460 | |
| Use ability | 126 | |
1543 total
» units
| Acolyte | 11 | |
| Ghoul | 7 | |
| Crypt Fiend | 8 | |
| Forest Troll High Priest | 1 | |
| Frost Wyrm | 5 | |
32 total
» upgrades
| Burrow | 1 | |
| Creature Attack | 2 | |
| Web | 1 | |
| Creature Carapace | 2 | |
| Freezing Breath | 1 | |
7 total
» buildings
| Ziggurat | 7 | |
| Crypt | 1 | |
| Altar of Darkness | 1 | |
| Tomb of Relics | 1 | |
| Nerubian Tower | 7 | |
| Halls of the Dead | 1 | |
| Graveyard | 1 | |
| Black Citadel | 1 | |
| Sacrificial Pit | 1 | |
| Boneyard | 2 | |
23 total
» build order
00:09 Ziggurat
00:13 Crypt
00:55 Altar of Darkness
00:59 Ziggurat
01:25 Tomb of Relics
02:11 Nerubian Tower
02:20 Nerubian Tower
03:14 Ziggurat
04:03 Halls of the Dead
04:18 Graveyard
05:32 Ziggurat
06:38 Black Citadel
06:43 Ziggurat
07:49 Sacrificial Pit
09:46 Boneyard
10:06 Nerubian Tower
10:16 Nerubian Tower
10:51 Boneyard
11:20 Ziggurat
16:57 Nerubian Tower
17:03 Ziggurat
18:41 Nerubian Tower
22:13 Nerubian Tower
» items
| Rod of Necromancy | 3 | |
| Potion of Healing | 4 | |
| Scroll of Town Portal | 3 | |
| Dust of Appearance | 1 | |
| Staff of Teleportation | 1 | |
| Potion of Lesser Invulnerability | 1 | |
13 total
team 2 (winner)
TheTreesLive (
teal | 102 APM | 5346 actions | 52:28)
9 Warden
3 Fan of Knives
3 Blink
3 Shadow Strike
» actions
| Assign group hotkey | 95 | |
| Basic commands | 454 | |
| Build / train | 154 | |
| ESC pressed | 5 | |
| Enter build submenu | 49 | |
| Enter hero's abilities submenu | 9 | |
| Give item / drop item | 14 | |
| Remove unit from queue | 6 | |
| Right click | 1850 | |
| Select / deselect | 497 | |
| Select group hotkey | 1825 | |
| Use ability | 388 | |
5346 total
» units
| Wisp | 62 | |
| Archer | 15 | |
| Dryad | 9 | |
| Chimaera | 2 | |
| Hippogryph | 2 | |
90 total
» upgrades
| Strength of the Moon | 2 | |
| Moon Armor | 2 | |
| Improved Bows | 1 | |
| Marksmanship | 1 | |
| Well Spring | 1 | |
| Strength of the Wild | 3 | |
| Nature's Blessing | 1 | |
| Druid of the Claw Training | 2 | |
| Abolish Magic | 1 | |
| Reinforced Hides | 3 | |
| Druid of the Talon Training | 2 | |
| Ultravision | 1 | |
| Corrosive Breath | 1 | |
| Hardened Skin | 1 | |
| Resistant Skin | 1 | |
| Mark of the Talon | 1 | |
| Hippogryph Taming | 1 | |
25 total
» buildings
| Altar of Elders | 1 | |
| Moon Well | 8 | |
| Ancient of War | 1 | |
| Hunter's Hall | 1 | |
| Tree of Life | 11 | |
| Tree of Ages | 3 | |
| Ancient Protector | 13 | |
| Tree of Eternity | 2 | |
| Ancient of Lore | 2 | |
| Ancient of Wonders | 1 | |
| Ancient of Wind | 5 | |
| Chimaera Roost | 2 | |
50 total
» build order
00:09 Altar of Elders
00:17 Moon Well
01:07 Ancient of War
01:31 Moon Well
02:05 Moon Well
03:01 Moon Well
03:40 Hunter's Hall
04:40 Tree of Life
06:03 Tree of Ages
06:03 Tree of Ages
06:19 Ancient Protector
06:20 Ancient Protector
06:46 Ancient Protector
08:42 Tree of Eternity
08:42 Tree of Eternity
09:39 Ancient Protector
10:18 Ancient of Lore
10:19 Ancient of Lore
10:26 Ancient Protector
11:21 Moon Well
11:22 Moon Well
11:35 Ancient of Wonders
12:36 Ancient Protector
12:37 Ancient Protector
12:38 Ancient Protector
14:14 Ancient Protector
14:18 Ancient of Wind
14:20 Ancient of Wind
14:21 Ancient of Wind
16:24 Ancient Protector
16:24 Ancient Protector
20:40 Ancient Protector
20:42 Ancient Protector
25:15 Ancient of Wind
25:16 Ancient of Wind
25:22 Chimaera Roost
25:23 Chimaera Roost
26:45 Moon Well
26:45 Moon Well
28:47 Tree of Life
28:49 Tree of Life
28:53 Tree of Life
28:54 Tree of Life
28:56 Tree of Life
31:03 Tree of Life
31:54 Tree of Life
31:57 Tree of Life
33:21 Tree of Life
35:40 Tree of Life
» items
| Staff of Teleportation | 1 | |
| Potion of Invisibility | 6 | |
| Scroll of Town Portal | 2 | |
| Dust of Appearance | 1 | |
| Orb of Venom | 1 | |
| Potion of Lesser Invulnerability | 1 | |
| Circlet of Nobility | 1 | |
13 total
LYNCHSQUAD (
blue | 57 APM | 3005 actions | 52:28)
8 Blademaster
3 Wind Walk
3 Critical Strike
1 Bladestorm
1 Mirror Image
» actions
| Assign group hotkey | 60 | |
| Basic commands | 205 | |
| Build / train | 74 | |
| Enter build submenu | 42 | |
| Enter hero's abilities submenu | 8 | |
| Give item / drop item | 12 | |
| Remove unit from queue | 2 | |
| Right click | 1484 | |
| Select / deselect | 405 | |
| Select group hotkey | 526 | |
| Use ability | 187 | |
3005 total
» units
| Peon | 16 | |
| Grunt | 4 | |
| Troll Batrider | 16 | |
| Wind Rider | 5 | |
41 total
» upgrades
| Reinforced Defenses | 1 | |
| Liquid Fire | 1 | |
| Ranged Weapons | 3 | |
| Armor | 3 | |
| Troll Regeneration | 1 | |
| Envenomed Spears | 1 | |
10 total
» buildings
| Orc Burrow | 7 | |
| Altar of Storms | 1 | |
| Barracks | 1 | |
| Voodoo Lounge | 1 | |
| War Mill | 2 | |
| Stronghold | 1 | |
| Great Hall | 4 | |
| Watch Tower | 24 | |
| Beastiary | 4 | |
| Fortress | 1 | |
46 total
» build order
00:14 Orc Burrow
00:32 Orc Burrow
01:09 Altar of Storms
01:11 Barracks
02:15 Voodoo Lounge
02:39 War Mill
03:54 Stronghold
04:49 Great Hall
05:20 Great Hall
05:46 Watch Tower
05:46 Watch Tower
05:47 Watch Tower
05:47 Watch Tower
08:29 Beastiary
08:30 Beastiary
08:30 Beastiary
09:08 Fortress
09:33 Watch Tower
09:34 Watch Tower
11:34 Orc Burrow
11:54 Watch Tower
11:55 Watch Tower
11:56 Watch Tower
13:11 War Mill
16:35 Watch Tower
16:35 Watch Tower
16:36 Watch Tower
16:37 Watch Tower
16:37 Watch Tower
27:06 Great Hall
27:08 Watch Tower
27:08 Watch Tower
27:08 Watch Tower
27:12 Great Hall
27:14 Watch Tower
27:15 Watch Tower
27:15 Watch Tower
27:16 Watch Tower
27:18 Watch Tower
27:18 Watch Tower
27:18 Watch Tower
27:45 Orc Burrow
27:47 Orc Burrow
27:51 Orc Burrow
27:52 Orc Burrow
28:49 Beastiary
» items
| Healing Salve | 1 | |
| Scroll of Town Portal | 2 | |
| Periapt of Vitality | 2 | |
| Dust of Appearance | 2 | |
| Orb of Lightning | 1 | |
| Staff of Teleportation | 1 | |
| Circlet of Nobility | 1 | |
10 total
gila16 (
green | 36 APM | 1415 actions | 39:48)
7 Death Knight
3 Death Coil
3 Unholy Aura
1 Animate Dead
6 Lich
3 Frost Armor
3 Frost Nova
» actions
| Assign group hotkey | 26 | |
| Basic commands | 862 | |
| Build / train | 49 | |
| Enter build submenu | 12 | |
| Enter hero's abilities submenu | 13 | |
| Give item / drop item | 3 | |
| Right click | 68 | |
| Select / deselect | 141 | |
| Select group hotkey | 192 | |
| Use ability | 49 | |
1415 total
» units
| Acolyte | 2 | |
| Ghoul | 4 | |
| Crypt Fiend | 5 | |
| Frost Wyrm | 8 | |
19 total
» upgrades
| Creature Attack | 3 | |
| Creature Carapace | 3 | |
| Web | 1 | |
| Freezing Breath | 1 | |
8 total
» buildings
| Crypt | 1 | |
| Graveyard | 1 | |
| Ziggurat | 7 | |
| Altar of Darkness | 1 | |
| Tomb of Relics | 1 | |
| Halls of the Dead | 1 | |
| Black Citadel | 1 | |
| Sacrificial Pit | 1 | |
| Boneyard | 2 | |
16 total
» build order
00:14 Crypt
00:22 Graveyard
00:42 Ziggurat
01:02 Altar of Darkness
01:44 Ziggurat
03:20 Ziggurat
05:02 Ziggurat
05:08 Tomb of Relics
06:17 Halls of the Dead
08:44 Black Citadel
08:53 Sacrificial Pit
11:07 Boneyard
11:09 Boneyard
11:13 Ziggurat
11:14 Ziggurat
11:15 Ziggurat
» items
| Orb of Corruption | 2 | |
| Scroll of Town Portal | 3 | |
5 total

»
Bachand123 (
purple | 19 APM | 983 actions | 50:29)
6 Keeper of the Grove
3 Force of Nature
2 Entangling Roots
1 Tranquility
» actions
| Assign group hotkey | 3 | |
| Basic commands | 11 | |
| Build / train | 91 | |
| Enter build submenu | 30 | |
| Enter hero's abilities submenu | 6 | |
| Remove unit from queue | 7 | |
| Right click | 419 | |
| Select / deselect | 361 | |
| Use ability | 55 | |
983 total
» units
| Wisp | 19 | |
| Archer | 7 | |
| Huntress | 4 | |
| Hippogryph | 25 | |
| Chimaera | 10 | |
65 total
» upgrades
| Strength of the Wild | 3 | |
| Reinforced Hides | 1 | |
| Corrosive Breath | 1 | |
5 total
» buildings
| Altar of Elders | 1 | |
| Moon Well | 8 | |
| Ancient of War | 1 | |
| Tree of Life | 3 | |
| Hunter's Hall | 1 | |
| Ancient Protector | 23 | |
| Tree of Ages | 1 | |
| Tree of Eternity | 1 | |
| Ancient of Wind | 1 | |
| Chimaera Roost | 4 | |
| Ancient of Wonders | 1 | |
45 total
» build order
00:07 Altar of Elders
00:22 Moon Well
02:04 Ancient of War
02:43 Moon Well
03:39 Moon Well
04:47 Moon Well
06:06 Tree of Life
06:25 Hunter's Hall
07:34 Ancient Protector
07:47 Ancient Protector
07:54 Tree of Ages
08:39 Moon Well
09:42 Moon Well
10:22 Tree of Eternity
10:27 Ancient of Wind
11:49 Moon Well
12:59 Moon Well
13:10 Chimaera Roost
13:11 Chimaera Roost
13:14 Chimaera Roost
14:44 Chimaera Roost
15:20 Ancient of Wonders
27:29 Tree of Life
31:54 Tree of Life
33:30 Ancient Protector
33:33 Ancient Protector
33:34 Ancient Protector
33:35 Ancient Protector
33:35 Ancient Protector
33:36 Ancient Protector
33:37 Ancient Protector
33:38 Ancient Protector
33:39 Ancient Protector
33:40 Ancient Protector
33:41 Ancient Protector
33:41 Ancient Protector
33:42 Ancient Protector
33:44 Ancient Protector
33:45 Ancient Protector
33:46 Ancient Protector
33:48 Ancient Protector
33:49 Ancient Protector
34:01 Ancient Protector
34:02 Ancient Protector
34:03 Ancient Protector
» items
| Potion of Healing | 1 | |
| Scroll of Town Portal | 2 | |
| Orb of Venom | 1 | |
| Orb of Corruption | 1 | |
5 total
Chat log
(00:23 / Allies) Born_in_USSR: 200 plz for fast win
(00:26 / Allies) HORIZON-ZERO-DA: wyverns bitches
(00:51 / Allies) Born_in_USSR: 200 plz for fast win pllllzzz
(01:04 / Allies) HORIZON-ZERO-DA: feed me instead red probably mhs
(01:15 / Allies) Born_in_USSR: ok noobs(((
(01:18 / Allies) BrianPutin: lets make it slow
(01:29 / Allies) Born_in_USSR: lets lose
(01:35 / All) LYNCHSQUAD: elf, undead and human are scum
(01:35 / Allies) HORIZON-ZERO-DA: unsummon then
(01:37 / Allies) HORIZON-ZERO-DA: we dont need u
(01:48 / All) gila16: :(
(01:57 / All) gila16: i'll put out!
(02:06 / Allies) Born_in_USSR: ok pink dont call me if they atak
(02:11 / All) BrianPutin: u maphack hoe
(02:36 / Allies) HORIZON-ZERO-DA: u already said ur gonna lose red just leave man
(02:38 / Allies) HORIZON-ZERO-DA: i dont wnat u in game
(03:04 / Allies) Born_in_USSR: no need your fucking comments
(05:53 / Allies) Agent_Joe: they are expanding
(06:32 / Allies) HORIZON-ZERO-DA: wood me
(07:41 / All) TheTreesLive: thanks for item orange
(10:20 / Allies) HORIZON-ZERO-DA: wood
(10:37 / All) TheTreesLive: WE GOT A WYRMBOT!
(11:23 / All) LYNCHSQUAD: nice dust oj lol
(13:10 / Allies) HORIZON-ZERO-DA: wood me
(13:11 / Allies) HORIZON-ZERO-DA: u niggers
(13:33 / Allies) HORIZON-ZERO-DA: thx
(14:56 / Allies) Agent_Joe: bats
(15:28 / All) LYNCHSQUAD: ya'll suck
(16:40 / Allies) Agent_Joe: they won
(17:34 / All) LYNCHSQUAD: straight up molested
(18:17 / All) Born_in_USSR: i play solo with 3 idiots
(18:21 / All) HORIZON-ZERO-DA: lol
(18:25 / All) HORIZON-ZERO-DA: nobody is talking on my team
(18:27 / All) Bachand123: nice job
(18:29 / All) HORIZON-ZERO-DA: and u guys all 3 go the same thing
(18:55 / All) Born_in_USSR: no 1 help
(18:59 / All) LYNCHSQUAD: you suck red
(19:02 / All) LYNCHSQUAD: trash
(19:10 / All) LYNCHSQUAD: wyrm bot scrubbie
(20:06 / All) gila16: yellow you are stupid
(20:18 / All) Bachand123: i thin yes
(20:24 / All) Bachand123: think
(20:24 / All) Born_in_USSR: 3 americans IDIOTS in team)) tipik situation
(20:26 / All) HORIZON-ZERO-DA: my team is dyslexic
(20:28 / All) HORIZON-ZERO-DA: nobody is talking
(20:32 / All) LYNCHSQUAD: USA >>>> YOUR HELLHOLE
(20:33 / All) gila16: i didnt even replace the 2 acolytes you killed last time
(20:34 / All) LYNCHSQUAD: USA ALL DAY BABY
(21:04 / All) BrianPutin: raped
(21:09 / All) gila16: LOL
(21:12 / All) TheTreesLive: your workers
(21:13 / All) TheTreesLive: are raped
(21:14 / All) TheTreesLive: orange
(21:15 / All) Bachand123: 3vs 1
(21:16 / All) gila16: i didnt lose a single unit
(21:17 / All) HORIZON-ZERO-DA: i dont think green even lost anything lol
(21:27 / All) gila16: even though i walked into a 1v3
(21:39 / All) BrianPutin: we gonna rape bad now
(21:46 / All) LYNCHSQUAD: hahahahaha
(21:47 / All) gila16: if you say so
(21:49 / All) LYNCHSQUAD: you gon get raped son
(21:54 / All) Born_in_USSR: oj stupid)))
(21:56 / All) gila16: you are going to rape us hard with your pussy
(21:57 / All) BrianPutin: get reddy hoes
(22:08 / All) Bachand123: yeah
(22:16 / All) LYNCHSQUAD: nice expo lol
(22:23 / All) LYNCHSQUAD: shame I had to rape it
(22:53 / All) Bachand123: hahahahahah
(22:55 / All) BrianPutin: wow
(22:56 / All) gila16: LOL
(23:00 / All) BrianPutin: wtf
(23:11 / All) Bachand123: Rape your pussy
(23:13 / All) BrianPutin: man u stupid ass just left us
(23:18 / All) gila16: i lost 1 fiend
(23:22 / All) BrianPutin: with yr stupid wyvs
(23:35 / All) BrianPutin: pink u reatrded
(23:36 / All) LYNCHSQUAD: RAPED
(23:36 / All) HORIZON-ZERO-DA: it was 2v2 lol
(23:37 / All) HORIZON-ZERO-DA: oj
(23:39 / All) HORIZON-ZERO-DA: blame urself
(23:48 / All) Bachand123: hahahaha
(23:49 / All) BrianPutin: why leave us there
(23:50 / All) LYNCHSQUAD: SHREKT
(24:14 / All) BrianPutin: its ok i got tons of copts coming
(24:17 / Allies) BrianPutin: we good
(24:19 / All) LYNCHSQUAD: OH NOT
(24:22 / All) LYNCHSQUAD: OH NO
(24:22 / All) BrianPutin: we goodd
(24:24 / All) LYNCHSQUAD: NOT COPTERS VS BATS
(24:28 / All) LYNCHSQUAD: COPTERS RAPE BATS!
(24:35 / All) BrianPutin: no shit
(24:39 / All) Bachand123: ty
(24:41 / All) BrianPutin: thats why i got em
(24:48 / All) gila16: so much death
(24:54 / All) BrianPutin: gireddy hoes
(25:04 / All) Bachand123: lol orange you suck
(25:08 / All) LYNCHSQUAD: undead copters double whammy
(25:22 / All) Born_in_USSR: lol 3 HARD IDIOTS
(25:31 / All) BrianPutin: lol ur smart az
(25:38 / All) gila16: i havent replaced the acolytes from 5 minutes ago
(25:40 / All) gila16: LOL
(25:49 / All) BrianPutin: red noob
(25:58 / All) BrianPutin: pink even worse
(25:59 / All) Bachand123: orange too
(26:04 / All) BrianPutin: oj good
(26:04 / All) gila16: blame it on everyone except the moron that got mass fiends
(26:10 / All) gila16: i mean wyverns
(26:50 / All) LYNCHSQUAD: almost got caught with my pants done lol!
(26:51 / All) BrianPutin: raped
(26:53 / All) gila16: i have 7k gold left at my main base
(26:55 / All) gila16: LOL
(27:00 / All) HORIZON-ZERO-DA: i still think oj is better than u guys
(27:05 / All) HORIZON-ZERO-DA: oj is pro
(27:16 / All) Bachand123: blue get 12k
(27:17 / All) BrianPutin: dood
(27:22 / All) BrianPutin: ima rape them
(27:26 / All) BrianPutin: all now
(27:51 / All) BrianPutin: plan red?
(27:58 / All) gila16: die a fiery death
(28:01 / Allies) HORIZON-ZERO-DA: wood plz
(28:04 / Allies) HORIZON-ZERO-DA: gonna tower a bit
(28:06 / All) Born_in_USSR: pink the best idiot
(28:08 / All) Bachand123: wow
(28:10 / All) BrianPutin: pink tking
(28:19 / All) HORIZON-ZERO-DA: im tking cuz red tked me
(28:35 / All) BrianPutin: pink tked otherwise we win eazzy
(28:50 / All) gila16: i call bullshit on that
(28:53 / All) Bachand123: muy team tinking deafed my base
(29:21 / All) BrianPutin: pink lvl 3 sti;ll?
(29:49 / All) BrianPutin: raped
(30:07 / All) BrianPutin: just raped yr tree
(30:08 / All) gila16: I stood up for you!!!!!!!!!!!
(30:40 / All) BrianPutin: rekked
(30:58 / All) BrianPutin: rekked u blue
(31:25 / All) Bachand123: WOW
(31:29 / All) HORIZON-ZERO-DA: lol
(31:30 / All) HORIZON-ZERO-DA: pro
(31:40 / All) BrianPutin: koed bad
(32:11 / All) LYNCHSQUAD: didn't even notice how badly you guys were off
(32:17 / All) gila16: i even fed you when you were poor!!!
(32:35 / All) LYNCHSQUAD: gila sup
(32:37 / All) LYNCHSQUAD: it's your old stab pals
(32:53 / Allies) HORIZON-ZERO-DA: feed me wood oj i can rebuild
(33:00 / All) gila16: from like a few months ago??!!!
(34:03 / All) BrianPutin: let us rebuild
(34:10 / All) BrianPutin: then we fight
(34:41 / All) HORIZON-ZERO-DA: raped red
(34:42 / All) HORIZON-ZERO-DA: lol
(34:42 / All) LYNCHSQUAD: wow
(34:47 / All) LYNCHSQUAD: that was straight up molestation
(34:48 / All) gila16: you little phucks
(34:48 / All) BrianPutin: rekked
(35:02 / All) LYNCHSQUAD: bad boy
(35:19 / All) HORIZON-ZERO-DA: ur a russian spy red
(35:19 / All) Born_in_USSR: pink good lvl 4
(35:23 / All) BrianPutin: blue why tking
(35:24 / All) BrianPutin: yrself
(35:24 / All) gila16: kick their ass, purple
(35:47 / Allies) HORIZON-ZERO-DA: feed plz going 100 food
(36:13 / All) LYNCHSQUAD: it's starting to sound a lot like a standoff
(36:22 / All) HORIZON-ZERO-DA: oj is only lvl 2
(36:32 / All) TheTreesLive: fuck killing all these trees will suck
(36:57 / All) HORIZON-ZERO-DA: i can get demos
(38:12 / All) TheTreesLive: so many wisps
(38:16 / All) TheTreesLive: it's like the end of the campaign
(38:19 / All) TheTreesLive: when they kill archimonde
(38:37 / All) gila16: WHOA!!!!
(38:41 / All) gila16: did you morons see that?
(38:45 / All) HORIZON-ZERO-DA: see wut
(38:45 / All) LYNCHSQUAD: I think that's the one mission I didn't use cheat codes lol
(38:51 / All) LYNCHSQUAD: since it was kind of interesting
(39:33 / All) LYNCHSQUAD: mh!
(39:36 / All) LYNCHSQUAD: LOL
(39:42 / All) LYNCHSQUAD: oirange 100% mher
(39:49 / All) BrianPutin: lo
(39:50 / All) LYNCHSQUAD: unless he has a shade there or something
(39:52 / All) BrianPutin: lie
(40:08 / All) TheTreesLive: he has a shade running around but I wasn't watching whatever happened there
(41:18 / All) BrianPutin: wow almost got me
(41:49 / All) LYNCHSQUAD: gotcha
(42:02 / All) BrianPutin: u mh dick
(42:03 / All) TheTreesLive: warden and bm pair so well for hero killing
(42:06 / All) TheTreesLive: since they're both so fast
(42:16 / All) BrianPutin: they mhe
(42:26 / All) BrianPutin: saw me going that way
(42:42 / All) LYNCHSQUAD: raped
(42:54 / All) LYNCHSQUAD: lawl
(42:57 / All) LYNCHSQUAD: there goes the standoff
(43:04 / All) TheTreesLive: shit and we have no units
(43:05 / All) HORIZON-ZERO-DA: i was nervous this game cuz of 3x worms
(43:15 / All) TheTreesLive: well I have some dryads but may as well have no units for killin buildings
(43:15 / All) HORIZON-ZERO-DA: i got demos where should is end them
(43:24 / All) TheTreesLive: everywhere
(43:26 / All) TheTreesLive: all our bases
(45:22 / All) HORIZON-ZERO-DA: what did green mean
(45:28 / All) HORIZON-ZERO-DA: "did u idiots see that"
(46:18 / All) TheTreesLive: it was when I detonated a ton of wisps
(46:22 / All) TheTreesLive: maybe he didn't get what was going on
(47:46 / All) HORIZON-ZERO-DA: this was a fun game
(47:49 / All) HORIZON-ZERO-DA: close too
(48:06 / All) HORIZON-ZERO-DA: purple u still here?
(48:20 / All) TheTreesLive: he said he alt tabbed
(48:26 / All) LYNCHSQUAD: Jubei and Saithis have battled together side by side many times
(48:36 / All) LYNCHSQUAD: They have overcome the prejudices of their peoples
(49:26 / All) TheTreesLive: let us lay our treasures before we finish the match
(49:46 / All) LYNCHSQUAD: a vast bounty of treasures
(49:59 / All) LYNCHSQUAD: baubles and trinkets stolen from the most well guarded banks
(50:03 / All) LYNCHSQUAD: across azeroth
(50:33 / All) TheTreesLive: lol
(50:34 / All) LYNCHSQUAD: hah
(50:34 / All) TheTreesLive: perfect
(50:40 / All) LYNCHSQUAD: he watched teh whole time
(50:53 / All) TheTreesLive: Jake's team has 3 legit
(51:02 / All) LYNCHSQUAD: Do your duty Jacob
(51:04 / All) TheTreesLive: wow
(51:07 / All) TheTreesLive: purp is 26-48
(51:52 / All) HORIZON-ZERO-DA: my demos are unkillbale
(52:00 / All) LYNCHSQUAD: You 3 legit
(52:21 / All) HORIZON-ZERO-DA: oh purple left?
(52:25 / All) TheTreesLive: yeah